TOP OF THE 1ST |
Tuscaloosa Trout Slayers batting - Pitching for Portland Privateers : RHP Cade Baird
|
Pitching: RHP Cade Baird
|
|
Batting: LHB Miguel Rosa
|
0-0: Called Strike 0-1: SINGLE (Groundball, 56D)
|
Batting: RHB José Fernández
|
0-0: Ball 1-0: SINGLE (Flyball, 89S) Miguel Rosa to second Runner from 2nd tries for 3rd, SAFE, throw made to third
|
Batting: LHB Marcos Villarreal
|
0-0: Fly out, F8 (Flyball, 8LM) Runner from 3rd tags up, SCORES, throw made
|
Batting: LHB Ed Hart
|
0-0: Swinging Strike 0-1: Fly out, F7 (Flyball, 7)
|
Batting: RHB Shigemasa Ishida
|
0-0: Called Strike 0-1: Ground out 3-1 (Groundball, 34S)
|
Top of the 1st over - 1 run(s), 2 hit(s), 0 error(s), 1 left on base; Tuscaloosa 1 - Portland 0 |
BOTTOM OF THE 1ST |
Portland Privateers batting - Pitching for Tuscaloosa Trout Slayers : RHP Chris Chamberlain
|
Pitching: RHP Chris Chamberlain
|
|
Batting: SHB Patrick Larson
|
0-0: Called Strike 0-1: Called Strike 0-2: Ball 1-2: Ball 2-2: Strikes out swinging
|
Batting: RHB Joe Bailey
|
0-0: Ball 1-0: SINGLE (Line Drive, 78S)
|
Batting: LHB Carter Sweet
|
0-0: Called Strike 0-1: Swinging Strike 0-2: Ball 1-2: Foul Ball, location: 2F 1-2: Fly out, F4 (Popup, 3D)
|
Batting: SHB Eric Pimentel
|
0-0: Ball 1-0: Called Strike 1-1: Ball Joe Bailey is caught stealing 2nd base
|
Bottom of the 1st over - 0 run(s), 1 hit(s), 0 error(s), 0 left on base; Tuscaloosa 1 - Portland 0 |
TOP OF THE 2ND |
Tuscaloosa Trout Slayers batting - Pitching for Portland Privateers : RHP Cade Baird
|
Batting: RHB Juan Reyes
|
0-0: Ball 1-0: Ball 2-0: Ball 3-0: Called Strike 3-1: Ground out U3 (Groundball, 34)
|
Batting: RHB Greg Lee
|
0-0: Ball 1-0: Foul Ball, location: 2F 1-1: SINGLE (Groundball, 5S) (infield hit)
|
Batting: RHB Kurt Walter
|
0-0: Ball 1-0: Grounds into double play, 6-4-3 (Groundball, 6)
|
Top of the 2nd over - 0 run(s), 1 hit(s), 0 error(s), 0 left on base; Tuscaloosa 1 - Portland 0 |
BOTTOM OF THE 2ND |
Portland Privateers batting - Pitching for Tuscaloosa Trout Slayers : RHP Chris Chamberlain
|
Batting: SHB Eric Pimentel
|
0-0: Foul Ball, location: 2F 0-1: Ball 1-1: Ground out 4-3 (Groundball, 4)
|
Batting: LHB Jeff Dorney
|
0-0: Called Strike 0-1: SINGLE (Flyball, 8LS)
|
Batting: RHB José Balina
|
0-0: Ball 1-0: Called Strike 1-1: Fly out, F8 (Flyball, 8LM)
|
Batting: RHB Luis Pineda
|
0-0: Ball Jeff Dorney is caught stealing 2nd base
|
Bottom of the 2nd over - 0 run(s), 1 hit(s), 0 error(s), 0 left on base; Tuscaloosa 1 - Portland 0 |
TOP OF THE 3RD |
Tuscaloosa Trout Slayers batting - Pitching for Portland Privateers : RHP Cade Baird
|
Batting: RHB Tetsunori Ito
|
0-0: Called Strike 0-1: Ground out 4-3 (Groundball, 4S)
|
Batting: LHB Miguel Rosa
|
0-0: Called Strike 0-1: Ball 1-1: Fly out, F9 (Flyball, 9LS)
|
Batting: RHB José Fernández
|
0-0: Called Strike 0-1: Ball 1-1: Foul Ball, location: 2F 1-2: Ground out 4-3 (Groundball, 4MD)
|
Top of the 3rd over - 0 run(s), 0 hit(s), 0 error(s), 0 left on base; Tuscaloosa 1 - Portland 0 |
BOTTOM OF THE 3RD |
Portland Privateers batting - Pitching for Tuscaloosa Trout Slayers : RHP Chris Chamberlain
|
Batting: RHB Luis Pineda
|
0-0: Swinging Strike 0-1: Ball 1-1: Swinging Strike 1-2: Strikes out looking
|
Batting: RHB Edward Holloway
|
0-0: Ball 1-0: Foul Ball, location: 2F 1-1: Foul Ball, location: 2F 1-2: TRIPLE (Flyball, 89M)
|
Batting: RHB Carlos Castro
|
0-0: Ball 1-0: Ball 2-0: Ball 3-0: DOUBLE (Line Drive, 8LD) Edward Holloway scores
|
Batting: SHB Patrick Larson
|
0-0: Ground out U3 (Groundball, 3) Carlos Castro to third
|
Batting: RHB Joe Bailey
|
0-0: Ball 1-0: Swinging Strike 1-1: Ball 2-1: Swinging Strike 2-2: Ball 3-2: 2-RUN HOME RUN (Line Drive, 7D), Distance : 389 ft
|
Batting: LHB Carter Sweet
|
0-0: Foul Ball, location: 2F 0-1: SINGLE (Line Drive, 4D)
|
Batting: SHB Eric Pimentel
|
0-0: Called Strike 0-1: Ball 1-1: Foul Ball, location: 2F 1-2: Ground out 4-3 (Groundball, 34)
|
Bottom of the 3rd over - 3 run(s), 4 hit(s), 0 error(s), 1 left on base; Tuscaloosa 1 - Portland 3 |
TOP OF THE 4TH |
Tuscaloosa Trout Slayers batting - Pitching for Portland Privateers : RHP Cade Baird
|
Batting: LHB Marcos Villarreal
|
0-0: Called Strike 0-1: Ball 1-1: SOLO HOME RUN (Flyball, 9D), Distance : 375 ft
|
Batting: LHB Ed Hart
|
0-0: Ball 1-0: Foul Ball, location: 2F 1-1: Foul Ball, location: 2F 1-2: Strikes out swinging
|
Batting: RHB Shigemasa Ishida
|
0-0: SINGLE (Groundball, 56D)
|
Batting: RHB Juan Reyes
|
0-0: Ball 1-0: Foul Ball, location: 2F 1-1: Ball 2-1: DOUBLE (Flyball, 8RD) Shigemasa Ishida to third
|
Batting: RHB Greg Lee
|
0-0: Swinging Strike 0-1: Ball 1-1: Foul Ball, location: 2F 1-2: Foul Ball, location: 2F 1-2: Ball 2-2: Strikes out swinging
|
Batting: RHB Kurt Walter
|
0-0: Called Strike 0-1: Ball 1-1: Swinging Strike 1-2: Ball 2-2: Ground out 5-3 (Groundball, 5)
|
Top of the 4th over - 1 run(s), 3 hit(s), 0 error(s), 2 left on base; Tuscaloosa 2 - Portland 3 |
BOTTOM OF THE 4TH |
Portland Privateers batting - Pitching for Tuscaloosa Trout Slayers : RHP Chris Chamberlain
|
Batting: LHB Jeff Dorney
|
0-0: Ball 1-0: Called Strike 1-1: Ball 2-1: Ground out 6-3 (Groundball, 6MS)
|
Batting: RHB José Balina
|
0-0: Foul Ball, location: 2F 0-1: Ball 1-1: Reached on error, E5 (Groundball, 56S)
|
Batting: RHB Luis Pineda
|
0-0: DOUBLE (Line Drive, 89M) José Balina to third
|
Batting: RHB Edward Holloway
|
0-0: Called Strike 0-1: SINGLE (Groundball, 34D) José Balina scores Luis Pineda to third
|
Batting: RHB Carlos Castro
|
0-0: Ball 1-0: Called Strike 1-1: Called Strike 1-2: Fly out, F7 (Flyball, 7D) Runner from 3rd tags up, SCORES, no throw
|
Batting: SHB Patrick Larson
|
0-0: Ball 1-0: Fly out, F8 (Flyball, 8LM)
|
Bottom of the 4th over - 2 run(s), 2 hit(s), 1 error(s), 1 left on base; Tuscaloosa 2 - Portland 5 |
TOP OF THE 5TH |
Tuscaloosa Trout Slayers batting - Pitching for Portland Privateers : RHP Cade Baird
|
Batting: RHB Tetsunori Ito
|
0-0: Called Strike 0-1: Swinging Strike 0-2: Strikes out swinging
|
Batting: LHB Miguel Rosa
|
0-0: Ball 1-0: Fly out, F9 (Flyball, 9S)
|
Batting: RHB José Fernández
|
0-0: Ball 1-0: Ball 2-0: Foul Ball, location: 2F 2-1: Called Strike 2-2: Strikes out swinging
|
Top of the 5th over - 0 run(s), 0 hit(s), 0 error(s), 0 left on base; Tuscaloosa 2 - Portland 5 |
BOTTOM OF THE 5TH |
Portland Privateers batting - Pitching for Tuscaloosa Trout Slayers : RHP Chris Chamberlain
|
Batting: RHB Joe Bailey
|
0-0: Called Strike 0-1: Ground out 6-3 (Groundball, 6)
|
Batting: LHB Carter Sweet
|
0-0: DOUBLE (Flyball, 89D)
|
Batting: SHB Eric Pimentel
|
0-0: Called Strike 0-1: Ball 1-1: TRIPLE (Line Drive, 3) Carter Sweet scores
|
Pitching: LHP Mike Scott
|
|
Batting: LHB Jeff Dorney
|
0-0: Ball 1-0: Foul Ball, location: 2F 1-1: Ball 2-1: Foul Ball, location: 2F 2-2: Foul Ball, location: 2F 2-2: Ground out 1-3 (Groundball, P)
|
Batting: RHB José Balina
|
0-0: Ball 1-0: Ball 2-0: Ball 3-0: Called Strike 3-1: SINGLE (Line Drive, 9LM) Eric Pimentel scores
|
Batting: RHB Luis Pineda
|
0-0: Ball 1-0: Ball 2-0: Ball 3-0: Base on Balls José Balina to second
|
Batting: RHB Edward Holloway
|
0-0: Called Strike 0-1: Swinging Strike 0-2: Foul Ball, location: 2F 0-2: Ball 1-2: Foul Ball, location: 2F 1-2: Fly out, F5 (Popup, 5L)
|
Bottom of the 5th over - 2 run(s), 3 hit(s), 0 error(s), 2 left on base; Tuscaloosa 2 - Portland 7 |
TOP OF THE 6TH |
Tuscaloosa Trout Slayers batting - Pitching for Portland Privateers : RHP Cade Baird
|
Batting: LHB Marcos Villarreal
|
0-0: Ball 1-0: Foul Ball, location: 2F 1-1: Foul Ball, location: 2F 1-2: Ball 2-2: Ball 3-2: Base on Balls
|
Batting: LHB Ed Hart
|
0-0: Fly out, F7 (Flyball, 7S)
|
Batting: RHB Shigemasa Ishida
|
0-0: Swinging Strike 0-1: Swinging Strike 0-2: Ball 1-2: Ball 2-2: Foul Ball, location: 2F 2-2: Strikes out swinging
|
Batting: RHB Juan Reyes
|
0-0: Fly out, F9 (Line Drive, 9)
|
Top of the 6th over - 0 run(s), 0 hit(s), 0 error(s), 1 left on base; Tuscaloosa 2 - Portland 7 |
BOTTOM OF THE 6TH |
Portland Privateers batting - Pitching for Tuscaloosa Trout Slayers : LHP Mike Scott
|
Batting: RHB Carlos Castro
|
0-0: Called Strike 0-1: Foul Ball, location: 2F 0-2: Ball 1-2: Ball 2-2: SOLO HOME RUN (Flyball, 89XD), Distance : 406 ft
|
Batting: SHB Patrick Larson
|
0-0: Ball 1-0: Ball 2-0: Foul Ball, location: 2F 2-1: Ground out 6-3 (Groundball, 6)
|
Batting: RHB Joe Bailey
|
0-0: Swinging Strike 0-1: Ball 1-1: Ball 2-1: Ball 3-1: Foul Ball, location: 2F 3-2: Base on Balls
|
Batting: LHB Carter Sweet
|
0-0: Ball 1-0: Ball 2-0: 2-RUN HOME RUN (Flyball, 89XD), Distance : 450 ft
|
Pitching: RHP Keith Elkins
|
|
Batting: SHB Eric Pimentel
|
0-0: Swinging Strike 0-1: Ball 1-1: Swinging Strike 1-2: Strikes out looking
|
Batting: LHB Jeff Dorney
|
0-0: Ball 1-0: Ball 2-0: Ball 3-0: Called Strike 3-1: Ground out 1-3 (Groundball, 15S)
|
Bottom of the 6th over - 3 run(s), 2 hit(s), 0 error(s), 0 left on base; Tuscaloosa 2 - Portland 10 |
TOP OF THE 7TH |
Tuscaloosa Trout Slayers batting - Pitching for Portland Privateers : RHP Cade Baird
|
Batting: RHB Greg Lee
|
0-0: Called Strike 0-1: Ball 1-1: Called Strike 1-2: Fly out, F9 (Line Drive, 9)
|
Batting: RHB Kurt Walter
|
0-0: Swinging Strike 0-1: SINGLE (Line Drive, 7LS)
|
Batting: RHB Tetsunori Ito
|
Pickoff Throw to First - Error! E1 Kurt Walter to second 0-0: Ball 1-0: Foul Ball, location: 2F 1-1: SINGLE (Groundball, 6MD) Kurt Walter to third Runner from 3rd tries for Home, SAFE, no throw
|
Batting: LHB Miguel Rosa
|
0-0: Ball 1-0: Called Strike 1-1: Ball 2-1: Swinging Strike 2-2: Foul Ball, location: 2F 2-2: Strikes out looking
|
Batting: RHB José Fernández
|
0-0: Foul Ball, location: 2F 0-1: Ball 1-1: Foul Ball, location: 2F 1-2: Ball Passed Ball! Tetsunori Ito to second 2-2: SINGLE (Groundball, 56D) Tetsunori Ito to third Runner from 3rd tries for Home, SAFE, no throw
|
Batting: LHB Marcos Villarreal
|
0-0: Ball 1-0: Called Strike 1-1: Foul Ball, location: 2F 1-2: Ball 2-2: Ball 3-2: Base on Balls José Fernández to second
|
Pitching: RHP José García
|
|
Batting: LHB Ed Hart
|
0-0: Ball 1-0: Ball 2-0: Ball 3-0: Called Strike 3-1: Called Strike 3-2: Base on Balls José Fernández to third Marcos Villarreal to second
|
Batting: RHB Shigemasa Ishida
|
0-0: Fielders Choice at 2nd, 5-4 (Groundball, 5L)
|
Top of the 7th over - 2 run(s), 3 hit(s), 1 error(s), 2 left on base; Tuscaloosa 4 - Portland 10 |
BOTTOM OF THE 7TH |
Portland Privateers batting - Pitching for Tuscaloosa Trout Slayers : RHP Keith Elkins
|
Batting: RHB José Balina
|
0-0: Foul Ball, location: 2F 0-1: Swinging Strike 0-2: Ball 1-2: Foul Ball, location: 2F 1-2: Fly out, F9 (Flyball, 9)
|
Batting: RHB Luis Pineda
|
0-0: Ball 1-0: Foul Ball, location: 2F 1-1: Called Strike 1-2: Foul Ball, location: 2F 1-2: Ball 2-2: Ground out 6-3 (Groundball, 6M)
|
Batting: RHB Edward Holloway
|
0-0: Reached on error, E5 (Groundball, 5)
|
Batting: RHB Carlos Castro
|
0-0: Called Strike 0-1: Swinging Strike 0-2: Ball 1-2: Fly out, F8 (Flyball, 89D)
|
Bottom of the 7th over - 0 run(s), 0 hit(s), 1 error(s), 1 left on base; Tuscaloosa 4 - Portland 10 |
TOP OF THE 8TH |
Tuscaloosa Trout Slayers batting - Pitching for Portland Privateers : RHP José García
|
Now at C: Dave Nelson
|
|
Batting: RHB Juan Reyes
|
0-0: Called Strike 0-1: Foul Ball, location: 2F 0-2: Foul Ball, location: 2F 0-2: Ball 1-2: Ball 2-2: Fly out, F7 (Line Drive, 7D)
|
Batting: RHB Greg Lee
|
0-0: Called Strike 0-1: Ball 1-1: Fly out, F9 (Flyball, 9S)
|
Batting: RHB Kurt Walter
|
0-0: Ball 1-0: Fly out, F9 (Flyball, 9S)
|
Top of the 8th over - 0 run(s), 0 hit(s), 0 error(s), 0 left on base; Tuscaloosa 4 - Portland 10 |
BOTTOM OF THE 8TH |
Portland Privateers batting - Pitching for Tuscaloosa Trout Slayers : RHP Keith Elkins
|
Batting: SHB Patrick Larson
|
0-0: Called Strike 0-1: Foul Ball, location: 2F 0-2: Ball 1-2: Foul Ball, location: 2F 1-2: Ball 2-2: DOUBLE (Flyball, 78D)
|
Batting: RHB Joe Bailey
|
0-0: Ground out 5-3 (Groundball, 56)
|
Batting: LHB Carter Sweet
|
0-0: Ball 1-0: Ball 2-0: Ground out U3 (Groundball, 3) Patrick Larson to third
|
Batting: SHB Eric Pimentel
|
0-0: Called Strike 0-1: Swinging Strike 0-2: Ball 1-2: Ground out 1-3 (Groundball, P)
|
Bottom of the 8th over - 0 run(s), 1 hit(s), 0 error(s), 1 left on base; Tuscaloosa 4 - Portland 10 |
TOP OF THE 9TH |
Tuscaloosa Trout Slayers batting - Pitching for Portland Privateers : RHP José García
|
Batting: RHB Tetsunori Ito
|
0-0: Ball 1-0: Ball 2-0: Called Strike 2-1: Fly out, F4 (Popup, 34D)
|
Batting: LHB Miguel Rosa
|
0-0: Ball 1-0: Called Strike 1-1: Ball 2-1: DOUBLE (Flyball, 9D)
|
Batting: RHB José Fernández
|
0-0: Called Strike 0-1: Foul Ball, location: 2F 0-2: Ball 1-2: Ball 2-2: Ball 3-2: 2-RUN HOME RUN (Flyball, 7D), Distance : 373 ft
|
Pitching: LHP Jaime Ayala
|
|
Batting: LHB Marcos Villarreal
|
0-0: Fly out, F7 (Line Drive, 7S)
|
Batting: LHB Ed Hart
|
0-0: Ball 1-0: Ball 2-0: Called Strike 2-1: Ball 3-1: Base on Balls
|
Batting: RHB Shigemasa Ishida
|
0-0: Swinging Strike 0-1: Foul Ball, location: 2F 0-2: Ground out 2-3 (Groundball, 2L)
|
Top of the 9th over - 2 run(s), 2 hit(s), 0 error(s), 1 left on base; Tuscaloosa 6 - Portland 10 |
|